 Dungeon Crawl Stone Soup version 0.29.1-1-gd02db69 (webtiles) character file.

Game seed: 5298883961733109253

18827 samcosmo the Swashbuckler (level 13, -2/96 HPs)
             Began as a Kobold Enchanter on Mar 21, 2023.
             Was an Elder of Dithmenos.
             Slain by a skeletal warrior
             ... wielding a +0 long sword
              (16 damage)
             ... on level 11 of the Dungeon on Mar 22, 2023.
             The game lasted 01:34:53 (13540 turns).

samcosmo the Swashbuckler (Kobold Enchanter)       Turns: 13540, Time: 01:34:54

Health: -2/96      AC: 30    Str:  6    XL:     13   Next: 0%
Magic:  25/25      EV:  3    Int: 16    God:    Dithmenos [****..]
Gold:   882        SH:  0    Dex: 20    Spells: 18/28 levels left

rFire   . . .      SeeInvis .   k - +2 dagger (holy)
rCold   . . .      Faith    .   (no shield)
rNeg    . . .      Spirit   .   (body armour currently unavailable)
rPois   +          Reflect  .   (helmet currently unavailable)
rElec   .          Harm     .   (cloak currently unavailable)
rCorr   .          Rampage  .   (gloves currently unavailable)
Will    .....      NoTele   +   (boots currently unavailable) Stlth *+++++++++
                                (no amulet)
HPRegen 0.26/turn               p - +4 ring of protection
MPRegen 0.19/turn               N - +4 ring of evasion

@: tree-form, wreathed by umbra
A: stationary, stasis, torment immunity, boosted hp, small, no large weapons,
nightstalker 3
a: Renounce Religion, Shadow Step


You were on level 11 of the Dungeon.
You worshipped Dithmenos.
Dithmenos was greatly pleased with you.
You were a tree.
You visited 2 branches of the dungeon, and saw 12 of its levels.
You visited the Abyss 1 time.
You also visited: Ossuary.

You collected 882 gold pieces.

Inventory:

Hand Weapons
 k - a +2 dagger of holy wrath (weapon)
 n - a +0 dagger of protection
 L - a +3 dagger of speed
Missiles
 G - a throwing net (quivered)
Armour
 b - a +0 robe
 g - +0 steam dragon scales
 h - a +2 pair of boots (melded)
 j - a +0 cloak (melded)
 o - a +0 leather armour
 r - a +2 pair of gloves (melded)
 y - a +1 leather armour of willpower
 D - the +1 robe "Elution" (melded) {rPois rN+ Dex+2}
   (You found it on level 6 of the Dungeon)

   Dex:       It affects your dexterity (+2).
   rPois:     It protects you from poison.
   rN:        It protects you from negative energy.
 J - a +0 helmet (melded)
Jewellery
 p - a +4 ring of protection (left branch)
 q - a ring of magical power
 B - a ring of fire
 E - a +4 ring of evasion
 N - a +4 ring of evasion (right branch)
Wands
 d - a wand of polymorph (19)
 t - a wand of charming (20)
 K - a wand of digging (4)
 M - a wand of acid (14)
 O - a wand of flame (12)
Scrolls
 i - 3 scrolls of vulnerability
 u - a scroll of immolation
 v - 3 scrolls of teleportation
 I - a scroll of poison
Potions
 a - 4 potions of heal wounds
 c - 3 potions of invisibility
 e - a potion of lignification
 f - 3 potions of brilliance
 l - 3 potions of mutation
 m - 2 potions of ambrosia
 s - a potion of might
 w - 2 potions of degeneration {unknown}
 x - 3 potions of magic
 z - 4 potions of cancellation
 A - a potion of haste {unknown}
 C - 2 potions of curing
 H - 2 potions of attraction {unknown}


   Skills:
 - Level 1.0 Fighting
 * Level 16.2 Short Blades
 - Level 2.4 Dodging
 + Level 15.4 Stealth
 + Level 8.1 Spellcasting
 - Level 9.0 Hexes
 - Level 4.0 Translocations


You had 18 spell levels left.
You knew the following spells:

 Your Spells              Type           Power      Damage    Failure   Level
a - Ensorcelled Hibernat  Hex/Ice        40%        N/A       2%          2
b - Confusing Touch       Hex            35%        N/A       1%          3
c - Dazzling Flash        Conj/Hex       40%        N/A       5%          3
d - Blink                 Tloc           38%        N/A       3%          2

Your spell library contained the following spells:

 Spells                   Type           Power      Damage    Failure   Level
 Tukima's Dance           Hex            35%        N/A       1%          3
 Portal Projectile        Hex/Tloc       54%        N/A       2%          3
 Lesser Beckoning         Tloc           19%        N/A       6%          3
 Sublimation of Blood     Necr           6%         N/A       17%         2
 Leda's Liquefaction      Hex/Erth       10%        N/A       17%         4
 Call Canine Familiar     Summ           6%         N/A       32%         3
 Stone Arrow              Conj/Erth      12%        3d7       32%         3
 Manifold Assault         Tloc           19%        N/A       52%         5
 Animate Armour           Summ/Erth      12%        N/A       73%         4
 Petrify                  Tmut/Erth      6%         N/A       73%         4
 Irradiate                Conj/Tmut      3%         3d12      97%         5
 Lehudib's Crystal Spear  Conj/Erth      3%         10d2      100%        8


Dungeon Overview and Level Annotations

Branches:
Dungeon (11/15)            Temple (1/1) D:5            Lair (0/5) D:9
    Orc (0/2) D:9         Ossuary (visited)

Altars:
Ashenzari
Cheibriados
Dithmenos
Elyvilon
Fedhas
Gozag
Hepliaklqana
Kikubaaqudgha
Makhleb
Nemelex Xobeh
Okawaru
Qazlal
Ru
Sif Muna
Trog
Uskayaw
Vehumet
Wu Jian
Xom
Yredelemnul
Zin
The Shining One

Shops:
D:6 *   D:9 *


Innate Abilities, Weirdness & Mutations

You are a tree.
Your roots penetrate the ground, keeping you stationary.
You cannot be teleported.
You are immune to unholy pain and torment.
Your maximum health is greatly increased.
Your equipment is partially melded.
You are small and have problems with some larger weapons.
You are completely attuned to the shadows.


Message History

You feel stable enough to blink again.
Casting: Blink (safe; 3% risk of failure)
Confirm with . or Enter, or press ? or * to list all spells.
You blink.
Okay, then.
Really quaff the potion of lignification?
You turn into a tree.
Your +0 cloak melds into your body.
Your +0 helmet melds into your body.
Your +2 pair of gloves melds into your body.
Your +2 pair of boots melds into your body.
The +1 robe "Elution" {rPois rN+ Dex+2} melds into your body.
Your roots penetrate the ground.
The skeletal warrior hits you with a +0 long sword!
* * * LOW HITPOINT WARNING * * *
You are confused.
You feel invigorated.
The skeletal warrior hits you but does no damage.
You cannot move. (Use ctrl+direction or * direction to attack while stationary and confused.)
You cannot move. (Use ctrl+direction or * direction to attack while stationary and confused.) Unknown command.
You hit the skeletal warrior but do no damage.
You swing at nothing.
The skeletal warrior hits you with a +0 long sword!
* * * LOW HITPOINT WARNING * * *
You hit the skeletal warrior but do no damage.
You feel much better.
You feel stable enough to blink again.
The skeletal warrior hits you with a +0 long sword!
* * * LOW HITPOINT WARNING * * *
You hit the skeletal warrior but do no damage.
You feel less invigorated.
You feel less confused.
The skeletal warrior hits you with a +0 long sword!
* * * LOW HITPOINT WARNING * * *
You hit the skeletal warrior.
The skeletal warrior convulses.
The skeletal warrior is lightly damaged.
You hit the skeletal warrior but do no damage.
The skeletal warrior is lightly damaged.
The skeletal warrior hits you with a +0 long sword!
You die...

##.##.##.#...........#..#.#
#.##.........<.#.#.......##
#...... #.###..#.##.#......
#.#### # #......##.#..####
#.# .#.#..####.##.#### #.#
=......####.......#
###.####
#............##.##.#
#......#
#.......###...#.##.#
#.#.##.#
#....z♣.##.#§...##.#
#.#..#.#
#.......###...####.#
#.##.#.# #.......#
##.>.....# #.##.#.#
#......!# #.#######
#......# ######### #.#
####.#### ### #.# #....#
##.###.# #....# ##.#.##.#
##...# ##<###.#.#


You could see a skeletal warrior.

Vanquished Creatures
  4 two-headed ogres
  A large abomination (Abyss:1)
  Amaemon (D:10)
  Pikel (D:8)
  A smoke demon (Abyss:1)
  Maggie (D:6)
  An orange demon (D:10)
  An unseen horror (D:11)
  5 kobold demonologists
  Psyche (D:8)
  3 hellwings (Abyss:1)
  A troll (D:10)
  2 hornets
  Prince Ribbit (D:5)
  6 slime creatures (D:11)
  2 centaur simulacra (D:10)
  A shadow (D:9)
  A vampire (D:11)
  Eustachio (D:5)
  21 yaks
  A wraith (D:11)
  A neqoxec (Abyss:1)
  A chaos spawn (Abyss:1)
  A steam dragon (D:9)
  Grum (D:8)
  5 water moccasins
  2 acid dragons
  Duvessa (D:5)
  2 black bears
  An orc warrior (D:8)
  5 ice beasts
  2 ogres
  6 centaurs
  3 wolves (D:8)
  Blork the orc (D:4)
  3 kobold brigands
  3 bullfrogs
  4 necrophages
  3 scorpions
  8 wights
  Dowan (D:5)
  8 killer bees
  6 howler monkeys
  2 electric eels (D:10)
  2 jellies
  3 hounds
  4 orc priests
  3 iguanas
  11 orc wizards
  8 mummies (Ossuary)
  4 adders
  A shadow imp (D:7)
  3 white imps
  A howler monkey simulacrum (D:10)
  4 ufetubi
  2 worms
  4 dart slugs
  29 orcs
  7 ball pythons
  4 endoplasms
  6 giant cockroaches
  2 gnoll zombies (Ossuary)
  6 goblins
  10 hobgoblins
  10 jackals
  3 quokkas (D:3)
  3 bats
  2 frilled lizards (D:3)
  4 hobgoblin zombies (Ossuary)
  16 kobolds
  A kobold zombie (Ossuary)
  An orc zombie (Ossuary)
  5 rats
286 creatures vanquished.

Notes
Turn   | Place    | Note
-------+----------+-------------------------------------------
     0 | D:1      | samcosmo the Kobold Enchanter began the quest for the Orb.
     0 | D:1      | Reached XP level 1. HP: 10/10 MP: 3/3
    74 | D:1      | Reached XP level 2. HP: 10/15 MP: 5/5
    77 | D:1      | Learned a level 2 spell: Ensorcelled Hibernation
   241 | D:1      | Reached skill level 2 in Short Blades
   372 | D:1      | Reached XP level 3. HP: 18/20 MP: 1/6
   582 | D:1      | Reached skill level 1 in Fighting
  1107 | D:2      | Reached XP level 4. HP: 25/25 MP: 7/7
  1220 | D:2      | Found a faded altar of an unknown god.
  1269 | D:2      | Reached skill level 3 in Short Blades
  2142 | D:3      | Reached XP level 5. HP: 25/29 MP: 8/8
  2183 | D:3      | Learned a level 3 spell: Confusing Touch
  2187 | D:3      | Learned a level 3 spell: Dazzling Flash
  2872 | D:4      | Noticed a black bear
  2962 | D:4      | Noticed Blork the orc
  2999 | D:4      | Found an ancient bone altar of Kikubaaqudgha.
  3084 | D:4      | Reached skill level 4 in Short Blades
  3159 | D:4      | Reached XP level 6. HP: 17/34 MP: 9/9
  3319 | D:4      | Reached skill level 5 in Hexes
  4299 | D:4      | Killed a black bear
  4300 | D:4      | Reached skill level 5 in Short Blades
  4300 | D:4      | Reached XP level 7. HP: 38/38 MP: 10/10
  4361 | D:4      | Killed Blork the orc
  4362 | D:4      | Reached skill level 5 in Stealth
  4386 | D:5      | Entered Level 5 of the Dungeon
  4386 | D:5      | Noticed Prince Ribbit
  4387 | D:5      | Killed Prince Ribbit
  4474 | D:5      | Reached skill level 6 in Short Blades
  4474 | D:5      | Reached XP level 8. HP: 43/43 MP: 11/11
  4552 | D:5      | Noticed Eustachio
  4556 | D:5      | Killed Eustachio
  4586 | D:5      | Found a glowing silver altar of Zin.
  4798 | D:5      | Noticed Duvessa
  4798 | D:5      | Noticed Dowan
  4824 | D:5      | Killed Duvessa
  4835 | D:5      | Killed Dowan
  4836 | D:5      | Reached skill level 7 in Short Blades
  5127 | D:5      | Found a hazy altar of Hepliaklqana.
  5130 | D:5      | Found a snail-covered altar of Cheibriados.
  5134 | D:5      | Found a white marble altar of Elyvilon.
  5424 | D:5      | Found a staircase to the Ecumenical Temple.
  5430 | Temple   | Entered the Ecumenical Temple
  5491 | Temple   | Became a worshipper of Dithmenos the Shadowed
  5814 | D:6      | Reached XP level 9. HP: 47/47 MP: 12/12
  5840 | D:6      | Found Vesopheam's Serpentskin Sales.
  5996 | D:6      | Reached skill level 8 in Short Blades
  6145 | D:6      | Found a sand-covered staircase.
  6159 | Ossuary  | Entered an ossuary
  6491 | D:6      | Found a broken altar of Ashenzari.
  6494 | D:6      | Noticed Maggie
  6510 | D:6      | Killed Maggie
  6511 | D:6      | Reached skill level 10 in Stealth
  6517 | D:6      | Identified the +1 robe "Elution" {rPois rN+ Dex+2}
  6610 | D:6      | Reached * piety under Dithmenos
  6623 | D:6      | Found a hide-covered altar of Uskayaw.
  6950 | D:6      | Found a blossoming altar of Fedhas.
  7146 | D:7      | Reached skill level 9 in Short Blades
  7204 | D:7      | Reached XP level 10. HP: 52/52 MP: 13/13
  7867 | D:7      | Found a burning altar of Makhleb.
  8153 | D:8      | Reached skill level 10 in Short Blades
  8311 | D:8      | Noticed Psyche
  8331 | D:8      | Killed Psyche
  8536 | D:8      | Reached skill level 11 in Short Blades
  8638 | D:8      | Noticed a kobold demonologist
  8642 | D:8      | Noticed a rust devil
  8645 | D:8      | Reached ** piety under Dithmenos
  8671 | D:7      | Learned a level 2 spell: Blink
  8673 | D:8      | Noticed a smoke demon
  8695 | D:8      | Killed a kobold demonologist
  8775 | D:8      | Noticed Grum
  8780 | D:8      | Reached XP level 11. HP: 45/56 MP: 8/18
  8814 | D:7      | Reached skill level 1 in Translocations
  8893 | D:8      | Killed Grum
  8907 | D:8      | Reached skill level 5 in Spellcasting
  9095 | D:8      | Noticed Pikel
  9099 | D:8      | Killed Pikel
  9100 | D:8      | Reached skill level 12 in Short Blades
  9141 | D:8      | Noticed a two-headed ogre
  9146 | D:8      | Killed a two-headed ogre
  9604 | D:9      | Found a staircase to the Orcish Mines.
  9614 | D:9      | Noticed a two-headed ogre
  9618 | D:9      | Killed a two-headed ogre
  9662 | D:9      | Noticed a two-headed ogre
  9666 | D:9      | Killed a two-headed ogre
  9672 | D:9      | Found a staircase to the Lair.
  9687 | D:9      | Reached skill level 13 in Short Blades
  9709 | Abyss:1  | Cast into level 1 of the Abyss (orc wizard)
  9741 | Abyss:1  | Noticed a starcursed mass
  9795 | Abyss:1  | Noticed a flayed ghost
  9845 | Abyss:1  | HP: 1/56 [smoke demon/divine providence (13)]
  9949 | Abyss:1  | Noticed a large abomination
  9951 | Abyss:1  | Killed a large abomination
  9954 | D:9      | Escaped the Abyss
 10160 | D:9      | Found an opulent altar of Gozag.
 10174 | D:9      | Found Gozag's Platinum Reserve.
 10297 | D:9      | Reached *** piety under Dithmenos
 10384 | D:9      | Noticed a two-headed ogre
 10388 | D:9      | Killed a two-headed ogre
 10389 | D:9      | Reached XP level 12. HP: 60/60 MP: 21/21
 10481 | D:9      | Reached skill level 14 in Short Blades
 10882 | D:10     | Entered Level 10 of the Dungeon
 11186 | D:10     | Noticed Amaemon
 11205 | D:10     | Killed Amaemon
 11685 | D:10     | Reached skill level 15 in Short Blades
 12332 | D:11     | Reached skill level 15 in Stealth
 12347 | D:11     | Reached **** piety under Dithmenos
 12892 | D:11     | Noticed a skeletal warrior
 13243 | D:11     | Reached skill level 16 in Short Blades
 13260 | D:11     | Reached XP level 13. HP: 54/64 MP: 21/25
 13535 | D:11     | HP: 4/96 [skeletal warrior/+0 long sword (14)]
 13540 | D:11     | Slain by a skeletal warrior

Illustrated notes

Levels and vault maps discovered:
D:1:      lightli_molten_gateway, layout_loops_ring
D:2:      layout_loops_ring, shapermc_ecumenical_altar_mp_ritualfount
D:3:      layout_rooms, grunt_ministairs_15
D:4:      layout_basic, kennysheep_mini_moat, minmay_mini_jars,
          uniq_blork_the_orc
D:5:      layout_loops_ring, grunt_temple_overflow_diamond, lemuel_round_altar,
          minmay_temple_entry_fiery, minmay_strange_pillars, st_stairs_9,
          chequers_serial_rivers_small_b, uniq_prince_ribbit1, uniq_duvessa,
          uniq_eustachio
D:6:      layout_cave_pools, lemuel_coloured_pillars_altar, fedhas_altar_4,
          evilmike_ruin_ashenzari, serial_rivers,
          chequers_serial_rivers_micro_e, chequers_serial_rivers_small_b,
          chequers_serial_rivers_small_a, chequers_serial_rivers_marsh,
          chequers_serial_rivers_micro_a, chequers_serial_rivers_small_a,
          chequers_ossuary_entry_cave, dreamdust_princess_corridor,
          dk_noncrumbling_4, guppyfry_shop_venom, uniq_maggie
D:7:      layout_loops_cross, nicolae_overflow_hidden_temple
D:8:      layout_rooms, uniq_psyche, uniq_pikel, uniq_grum
D:9:      layout_roguey, nicolae_gozag_zags_fifth_avenue, orc_0_dummy
D:10:     layout_loops_ring, serial_ice, serial_ice_d, serial_ice_h,
          serial_ice_b, serial_ice_c, serial_ice_f, serial_ice_l, serial_ice_m,
          uniq_amaemon
D:11:     layout_loops_cross, gammafunk_ghost_grave
Temple:   nicolae_temple_hex_pool

Skill      XL: |  1  2  3  4  5  6  7  8  9 10 11 12 |
---------------+-------------------------------------+-----
Short Blades   | 2 3 4 5 6 7 9 11 13 16 | 16.2
Fighting       | 1 |  1.0
Hexes          | 4 6 8 9 |  9.0
Stealth        | 5 7 10 12 14 15 | 15.4
Spellcasting   | 4 6 8 |  8.1
Translocations | 4 |  4.0
Dodging        | |  2.4

Action                   |  1- 3 |  4- 6 |  7- 9 | 10-12 | 13-15 || total
-------------------------+-------+-------+-------+-------+-------++-------
Melee: Dagger            |    46 |   248 |   179 |   500 |    33 ||  1006
       Punch             |       |     3 |     2 |     7 |       ||    12
 Cast: Ensorcelled Hiber |     6 |    23 |    25 |    39 |       ||    93
       Confusing Touch   |       |     2 |     7 |    28 |     2 ||    39
       Dazzling Flash    |       |       |     4 |    23 |       ||    27
       Blink             |       |       |       |     1 |     5 ||     6
  Use: Scroll            |       |    11 |     5 |     9 |       ||    25
       Potion            |       |     1 |     5 |     3 |     3 ||    12
 Stab: Sleeping          |    22 |    30 |    27 |    65 |       ||   144
       Confused          |       |     1 |     6 |    24 |       ||    31
       Invisible         |       |       |     5 |    17 |       ||    22
       Distracted        |       |       |     1 |     4 |       ||     5
Armor: Robe              |     4 |    38 |    45 |   118 |     4 ||   209
       Leather armour    |       |    20 |       |       |       ||    20
       Skin              |       |       |       |       |     1 ||     1
Dodge: Dodged            |    23 |   143 |    93 |   363 |     9 ||   631
